 Dungeon Crawl Stone Soup version 0.23.2-40-g277498a001 (webtiles) character file.

Game seed: 3522950742456468950

15 MalarOregon the Charmwright (level 2, 0/34 HPs)
             Began as a Merfolk Skald on Aug 13, 2019.
             Succumbed to a kobold's poison
             ... on level 1 of the Dungeon.
             The game lasted 00:00:31 (156 turns).

MalarOregon the Charmwright (Merfolk Skald)          Turns: 156, Time: 00:00:32

Health: 0/34       AC: 21    Str: 11    XL:     2   Next: 50%
Magic:  5/5        EV:  2    Int: 12    God:
Gold:   15         SH:  0    Dex: 13    Spells: 4/5 levels left

rFire    . . .     SeeInvis .   a - +0 falchion
rCold    . . .     Gourm    .   (no shield)
rNeg     + + +     Faith    .   (armour currently unavailable)
rPois    +         Spirit   .   (helmet currently unavailable)
rElec    .         Reflect  .   (cloak currently unavailable)
rCorr    .         Harm     .   (gloves currently unavailable)
MR       .....     NoTele   +   (boots currently unavailable)
Stlth    +.........             (no amulet)
HPRegen  0.11/turn              (no ring)
MPRegen  0.09/turn              (no ring)

@: lethally poisoned (0 -> -23), tree-form
A: (change form in water), (swift swim), (stealthy swim)
a: no special abilities


You were on level 1 of the Dungeon.
You were not hungry.
You were a tree.
You visited 1 branch of the dungeon, and saw 1 of its levels.

You collected 15 gold pieces.

Inventory:

Hand Weapons
 a - a +0 falchion (weapon)
Armour
 b - a +0 cloak
   (You found it on level 1 of the Dungeon)
 h - a +2 ring mail of magic resistance (melded)
   (You found it on level 1 of the Dungeon)
Scrolls
 c - a scroll of teleportation {unknown}
 d - a scroll of remove curse {unknown}
 g - a scroll of immolation {unknown}
Comestibles
 e - a ration {!d}
 f - 6 chunks of flesh


   Skills:
 + Level 2.4 Fighting
 * Level 2.7 Long Blades
 + Level 1.0 Armour
 + Level 3.0 Dodging
 - Level 2.0 Spellcasting
 - Level 3.2 Charms


You had 4 spell levels left.
You knew the following spells:

 Your Spells              Type           Power        Failure   Level  Hunger
a - Infusion              Chrm           #...         7%          1    ##.....

Your spell library contained the following spells:

 Spells                   Type           Power        Failure   Level  Hunger
 Song of Slaying          Chrm           #.......     11%         2    ###....
 Shroud of Golubria       Chrm/Tloc      #.........   22%         2    ###....
 Regeneration             Chrm/Necr      #.........   38%         3    ####...
 Spectral Weapon          Hex/Chrm       #.......     38%         3    ####...


Dungeon Overview and Level Annotations

Branches:
Dungeon (1/15)

Altars:


Message History

Your ring mail prevents you from hitting the rat.
The jackal barely misses you. The goblin hits you but does no damage.
The kobold hits you but does no damage.
You are more poisoned.
You feel very sick.
You see here 3 stones.
You feel sick.
You see here a stone.
* * * LOW HITPOINT WARNING * * *
You feel sick. The jackal closely misses you.
It was a potion of lignification.
You turn into a tree.
Your +2 ring mail of magic resistance melds into your body.
You feel less resistant to hostile enchantments.
Your roots penetrate the ground.
* * * LOW HITPOINT WARNING * * *
You feel sick.
The jackal bites you but does no damage.
You closely miss the jackal.
* * * LOW HITPOINT WARNING * * *
You feel sick.
The jackal bites you but does no damage. x2
You hit the jackal.
You kill the jackal!
* * * LOW HITPOINT WARNING * * *
You feel sick.
You slash the rat!
You kill the rat!
* * * LOW HITPOINT WARNING * * *
You feel sick.
You completely miss the goblin.
* * * LOW HITPOINT WARNING * * *
You feel sick. The goblin hits you but does no damage.
You hit the goblin.
* * * LOW HITPOINT WARNING * * *
You feel sick. The goblin hits you but does no damage.
You miss the goblin.
* * * LOW HITPOINT WARNING * * *
You feel sick. The goblin hits you but does no damage.
You hit the goblin.
You kill the goblin!
Your Armour skill increases to level 1!
* * * LOW HITPOINT WARNING * * *
You feel sick.
You hit the kobold.
* * * LOW HITPOINT WARNING * * *
You feel sick. The kobold hits you but does no damage.
You are more poisoned.
Unknown command.
You hit the kobold but do no damage.
You die...

#.# #.# #.## ...#
...###############
........>........#
...#############.#
...# #.# ...# #♣#
...# . #K# ...#
....####(## ...#
......)...#
..######.$........#
..................#
.#########........#
.# #........# .#
#........#


You could see a kobold.

Vanquished Creatures
  An ooze (D:1)
  2 goblins (D:1)
  A hobgoblin (D:1)
  3 jackals (D:1)
  3 rats (D:1)
10 creatures vanquished.

Notes
Turn   | Place    | Note
-------+----------+-------------------------------------------
     0 | D:1      | MalarOregon the Merfolk Skald began the quest for the Orb.
     0 | D:1      | Reached XP level 1. HP: 16/16 MP: 3/3
    97 | D:1      | Reached XP level 2. HP: 21/23 MP: 5/5
   154 | D:1      | Reached skill level 1 in Armour
   156 | D:1      | Succumbed to a kobold's poison

Skill      XL: |  1  2 |
---------------+-------+-----
Dodging        | 3 |  3.0
Armour         | 1 |  1.0
Fighting       | |  2.4
Long Blades    | |  2.7
Spellcasting   | |  2.0
Charms         | |  3.2

Action                   || total
-------------------------++-------
Melee: Falchion          ||    27
  Use: Potion            ||     1
Armor: Ring mail         ||    12
       Skin              ||     7
Dodge: Dodged            ||    22
       Rpst.: Falchion   ||     3
